 Dungeon Sprint DCSS version 0.30-a0-912-ge10d75a369 (webtiles) character file.

Game seed: 12464739678255014746

694 Conn the Arsonist (level 7, -4/43 HPs)
             Began as an Octopode Fire Elementalist on Mar 19, 2023.
             Was an Initiate of Sif Muna.
             Engulfed by a cloud of flame (19 damage)
             ... in the Dungeon (Sprint II: "The Violet Keep of Menkaure").
             The game lasted 00:09:18 (634 turns).

Conn the Arsonist (Octopode Fire Elementalist)       Turns: 634, Time: 00:09:18

Health: -4/43      AC:  3    Str:  7    XL:     7   Next: 64%
Magic:  6/17       EV: 15    Int: 20    God:    Sif Muna [......]
Gold:   873        SH:  0    Dex: 12    Spells: 3/20 levels left

rFire   . . .      SeeInvis .    (no weapon)
rCold   . . .      Faith    .    (no shield)
rNeg    . . .      Spirit   .    t - +2 hat
rPois   .          Reflect  .    (no amulet)
rElec   .          Rampage  .    (no ring)
rCorr   .          NoTele   +    (no ring)
Will    .....                    (no ring)
Stlth   ++++                     (no ring)
HPRegen 0.27/turn                (no ring)
MPRegen 0.15/turn                (no ring)
                                 (no ring)
                                 (no ring)

@: very slightly contaminated
A: almost no armour, amphibious, 8 rings, camouflage 1, gelatinous body 1,
(nimble swimmer 1), tentacles
a: Renounce Religion


You were in the Dungeon.
You worshipped Sif Muna.
Sif Muna was noncommittal.
You visited 1 branch You collected 873 gold pieces.

Inventory:

Armour
 t - a +2 hat (worn)
Jewellery
 j - a +5 ring of evasion
 p - a ring of poison resistance
Scrolls
 f - a scroll of blinking
 h - a scroll of fog
 k - 2 scrolls of magic mapping
 n - a scroll of poison
 s - a scroll of silence
Potions
 a - 6 potions of magic
 b - 3 potions of flight
 c - a potion of attraction
 d - a potion of might
 e - 2 potions of haste
 l - a potion of curing
 o - 2 potions of resistance
 q - a potion of heal wounds
 r - a potion of brilliance


   Skills:
 + Level 1.2 Fighting
 + Level 5.7 Dodging
 - Level 6.9 Stealth
 + Level 7.2 Spellcasting
 + Level 5.1 Conjurations
 - Level 11.6 Fire Magic


You had 3 spell levels left.
You knew the following spells:

 Your Spells              Type           Power      Damage    Failure   Level
a - Foxfire               Conj/Fire      100%       2x1d9     1%          1
b - Kindle Blastsparks    Fire/Tloc/Air  44%        2d13      5%          3
c - Inner Flame           Hex/Fire       30%        N/A       2%          3
d - Flame Wave            Conj/Fire      40%        2d11      3%          4
e - Scorch                Fire           100%       2d10      1%          2
f - Petrify               Tmut/Erth      7%         N/A       67%         4

Your spell library contained the following spells:

 Spells                   Type           Power      Damage    Failure   Level
 Sublimation of Blood     Necr           7%         N/A       14%         2
 Irradiate                Conj/Tmut      8%         3d14      65%         5


Dungeon Overview and Level Annotations

Branches:
Dungeon (1/1)

Altars:
Cheibriados
Dithmenos
Elyvilon
Fedhas
Gozag
Hepliaklqana
Kikubaaqudgha
Makhleb
Nemelex Xobeh
Okawaru
Qazlal
Ru
Sif Muna
Trog
Uskayaw
Vehumet
Wu Jian
Xom
Yredelemnul
Zin
The Shining One
Jiyva
Lugonu

Annotations:
D exclusion: obsidian statue


Innate Abilities, Weirdness & Mutations

You cannot wear most types of armour.
You are amphibious.
You can wear up to eight rings at the same time.
Your skin changes colour to match your surroundings (Stealth+).
Your rubbery body absorbs attacks. (AC +1, EV +1)
((You are camouflaged when in or above water. (Stealth+)))
You have tentacles for arms and can constrict up to eight enemies at once.


Message History

Casting: Scorch (safe; 1% risk of failure)
Confirm with . or Enter, or press ? or * to list all spells.
Aiming: Inner Flame (dangerous; 2% risk of failure)
Press: ? - help, Dir - move target, f - hornet
Aim: a hornet (wandering, hasn't noticed you, chance to affect: 78%)
You miscast Inner Flame.
You are very lightly contaminated with residual magic.
Nothing appears to happen.
The hornet buzzes angrily.
You hear a shout!
Casting: Inner Flame (dangerous; 2% risk of failure)
Confirm with . or Enter, or press ? or * to list all spells.
Aiming: Inner Flame (dangerous; 2% risk of failure)
Press: ? - help, Dir - move target, f/p - hornet
Aim: a hornet (chance to affect: 78%)
The hornet is filled with an inner flame.
Casting: Inner Flame (dangerous; 2% risk of failure)
Confirm with . or Enter, or press ? or * to list all spells.
You conjure some foxfire!
Casting: Foxfire (safe; 1% risk of failure)
Confirm with . or Enter, or press ? or * to list all spells.
Flames lash the hornet.
Flame seeps out of the hornet.
The hornet is lightly wounded.
The hornet's fire resistance burns away.
The foxfire hits the hornet!
The hornet is burned terribly!
Flame seeps out of the hornet.
The hornet is heavily wounded.
The foxfire hits the hornet.
The hornet is burned terribly!
Flame seeps out of the hornet.
The hornet is heavily wounded.
The hornet is engulfed in blazing flames.
Flame seeps out of the hornet.
Casting: Scorch (safe; 1% risk of failure)
Confirm with . or Enter, or press ? or * to list all spells.
Flames lash the hornet.
The hornet is burned terribly!
Sif Muna accepts your kill.
The hornet explodes!
The fiery explosion engulfs you!!
Ouch! That really hurt!
You are engulfed in blazing flames.
You die...

§~..§..~#+########+###.ww≈▓
~~~§~..~#..._._._#~~~##≈≈≈▓
~~~~~~.~#_._._._.#~§≈≈####▓
≈§≈~~§~~#._._._._#~~~§≈#
~§§§§§~~#_._._._.#§~~§§≈
≈≈≈§≈§≈~#._._○_..#§~§§~§
≈≈≈###≈≈#_._._.§§#~~~~§~
#≈≈# #≈≈#._._.§§§#S§≈≈≈≈
§≈# #≈≈#.._..§§@#S≈≈≈▓▓
≈≈§≈≈≈##########§≈≈§▓z
######~~~~~~~S~≈≈§≈▓z
z.###~########≈▓▓▓▓▓ ##~ ▓▓


You could see 3 water moccasins and 2 flying skulls.

Vanquished Creatures
  A merfolk siren (D)
  A hornet (D)
  A water moccasin (D)
  4 necrophages (D)
  3 worms (D)
10 creatures vanquished.

Vanquished Creatures (others)
  22 foxfires (D)
  4 tentacles (D)
26 creatures vanquished.

Grand Total: 36 creatures vanquished

Notes
Turn   | Place    | Note
-------+----------+-------------------------------------------
     0 | D        | Conn the Octopode Fire Elementalist began the quest for the
                  | Orb.
     0 | D        | Reached XP level 1. HP: 11/11 MP: 3/3
     1 | D        | Noticed a necrophage
     1 | D        | Noticed a necrophage
     1 | D        | Noticed a necrophage
     1 | D        | Noticed a necrophage
     9 | D        | Killed a necrophage
    10 | D        | Reached skill level 6 in Fire Magic
    10 | D        | Reached XP level 2. HP: 17/17 MP: 1/6
    10 | D        | Reached XP level 3. HP: 21/21 MP: 1/8
    10 | D        | Reached XP level 4. HP: 27/27 MP: 1/9
    18 | D        | Killed a necrophage
    19 | D        | Reached skill level 7 in Fire Magic
    19 | D        | Reached XP level 5. HP: 24/31 MP: 1/11
    22 | D        | Reached skill level 5 in Stealth
    22 | D        | Reached skill level 8 in Fire Magic
    32 | D        | Reached skill level 5 in Spellcasting
    32 | D        | Reached skill level 9 in Fire Magic
    32 | D        | Reached XP level 6. HP: 7/36 MP: 0/14
   131 | D        | Learned a level 2 spell: Scorch
   135 | D        | Learned a level 3 spell: Inner Flame
   140 | D        | Learned a level 4 spell: Flame Wave
   181 | D        | Learned a level 3 spell: Kindle Blastsparks
   181 | D        | Noticed a boulder beetle
   181 | D        | Noticed a boulder beetle
   184 | D        | Noticed a merfolk siren
   192 | D        | Killed a merfolk siren
   193 | D        | Reached skill level 1 in Fighting
   193 | D        | Reached skill level 5 in Dodging
   193 | D        | Reached skill level 11 in Fire Magic
   193 | D        | Reached XP level 7. HP: 37/43 MP: 5/17
   199 | D        | Noticed an obsidian statue
   208 | D        | Found a glowing golden altar of the Shining One.
   208 | D        | Found an ornate altar of the Wu Jian Council.
   208 | D        | Found a stormy altar of Qazlal.
   209 | D        | Found a shimmering altar of Xom.
   209 | D        | Found a sacrificial altar of Ru.
   210 | D        | Found a basalt altar of Yredelemnul.
   210 | D        | Found a shimmering blue altar of Sif Muna.
   210 | D        | Found a viscous altar of Jiyva.
   211 | D        | Found a glowing silver altar of Zin.
   211 | D        | Found a bloodstained altar of Trog.
   211 | D        | Found an ancient bone altar of Kikubaaqudgha.
   212 | D        | Found a hide-covered altar of Uskayaw.
   212 | D        | Found a corrupted altar of Lugonu.
   212 | D        | Found a shadowy altar of Dithmenos.
   212 | D        | Found a hazy altar of Hepliaklqana.
   212 | D        | Found a snail-covered altar of Cheibriados.
   213 | D        | Found a radiant altar of Vehumet.
   213 | D        | Found a burning altar of Makhleb.
   213 | D        | Found a white marble altar of Elyvilon.
   214 | D        | Found a sparkling altar of Nemelex Xobeh.
   214 | D        | Found a blossoming altar of Fedhas.
   216 | D        | Found an iron altar of Okawaru.
   216 | D        | Found an opulent altar of Gozag.
   220 | D        | Noticed a flying skull
   221 | D        | Became a worshipper of Sif Muna the Loreminder
   233 | D        | Noticed a kraken
   471 | D        | Reached skill level 5 in Conjurations
   478 | D        | Learned a level 4 spell: Petrify
   527 | D        | Noticed a yaktaur
   527 | D        | Noticed a hornet
   527 | D        | Noticed a polar bear
   527 | D        | Noticed a polar bear
   528 | D        | Noticed a polar bear
   536 | D        | Noticed a flying skull
   536 | D        | Noticed a flying skull
   634 | D        | Killed a hornet
   634 | D        | Engulfed by a cloud of flame

Illustrated notes

Levels and vault maps discovered:
D:        the_violet_keep_of_menkaure [sprint2_stairs_cluster_1,
          sprint2_shoproom, sprint2_temple, sprint2_basic_supplies,
          sprint2_obstacle_3, sprint2_obstacle_1, sprint2_obstacle_6,
          sprint2_obstacle_2, sprint2_obstacle_4, sprint2_timed_cluster_1,
          sprint2_smallroom_cluster_1, sprint2_smallroom_final_cluster_1,
          sprint2_transparent_cluster_1, sprint2_second_timed_cluster_1,
          sprint2_sniper_area_1, sprint2_heavy_combat_area_1,
          sprint2_mutation_trap_area_1, sprint2_forest_area_1,
          sprint2_light_combat_area_1, sprint2_behind_water_1,
          sprint2_near_end_vault_1]

Skill      XL: |  1  2  3  4  5  6  7 |
---------------+----------------------+-----
Dodging        | 3 4 5 |  5.7
Stealth        | 4 5 6 |  6.9
Spellcasting   | 3 4 5 6 7 |  7.2
Fire Magic     | 6 7 9 11 | 11.6
Conjurations   | 2 4 5 |  5.1
Fighting       | 1 |  1.2

Action                     |  1- 3 |  4- 6 |  7- 9 || total
---------------------------+-------+-------+-------++-------
  Melee: Unarmed           |     3 |    19 |       ||    22
         Constrict         |     1 |     4 |       ||     5
         Tentacles         |     1 |     4 |       ||     5
         Punch             |     1 |       |       ||     1
   Cast: Foxfire           |     2 |     9 |     1 ||    12
         Scorch            |       |     4 |     5 ||     9
         Inner Flame       |       |       |     1 ||     1
    Use: Potion            |     2 |     2 |     3 ||     7
         Scroll            |       |       |    10 ||    10
 Armour: Skin              |       |       |     1 ||     1
  Dodge: Dodged            |       |     7 |     5 ||    12

Table legend: (Time is in decaauts)
 A = Elapsed time spent in this place.
 B = Non-inter-level travel time spent in this place.
 C = Inter-level travel time spent in this place.
 D = Time resting spent in this place.
 E = Time spent auto-exploring this place.
 F = Levels seen in this place.
 G = Mean time per level.
                   A        B        C        D        E       F      G
               +--------+--------+--------+--------+--------+-----+--------+
         Total |    627 |    627 |      0 |    309 |      0 |   1 |  627.0 |
       Dungeon |    627 |    627 |      0 |    309 |      0 |   1 |  627.0 |
               +--------+--------+--------+--------+--------+-----+--------+

Top non-repeatable levels by time:
       D: 627 daAuts
